 Dungeon Crawl Stone Soup version 0.22.1-2-g9c5b331 (webtiles) character file.

289 diana the Sneak (level 6, -1/63 HPs)
             Began as an Octopode Assassin on Dec 30, 2018.
             Slain by a hippogriff (3 damage)
             ... on level 3 of the Dungeon.
             The game lasted 00:02:54 (2036 turns).

diana the Sneak (Octopode Assassin)                 Turns: 2036, Time: 00:02:55

Health: -1/63      AC:  8    Str: 15 (16) XL:     6   Next: 31%
Magic:  6/6        EV: 14    Int: 10 (13) God:
Gold:   130        SH:  0    Dex: 14 (15) Spells: 5/5 levels left

rFire    . . .     SeeInvis .   r - +1 short sword (protect)
rCold    . . .     Gourm    .   (no shield)
rNeg     . . .     Faith    .   (helmet restricted)
rPois    .         Spirit   .   (no amulet)
rElec    .         Reflect  .   (no ring)
rCorr    .         Harm     .   (no ring)
MR       .....                  (no ring)
Stlth    ..........             (no ring)
HPRegen  0.20/turn              (no ring)
MPRegen  0.10/turn              (no ring)
                                (no ring)
                                (no ring)

@: berserking, protection aura, very quick
A: almost no armour, stealthy swim, amphibious, 8 rings, constrict 8, camouflage
1, gelatinous body 1
a: no special abilities


You were on level 3 of the Dungeon.
You were hungry.

You visited 1 branch of the dungeon, and saw 3 of its levels.

You collected 130 gold pieces.

Inventory:

Hand Weapons
 a - a +2 dagger
 b - a +0 blowgun
 r - a +1 short sword of protection (weapon)
Missiles
 c - 52 poisoned needles
 d - 2 curare-tipped needles
Jewellery
 o - an uncursed ring of poison resistance {unknown}
Scrolls
 h - 2 scrolls of teleportation {unknown}
 m - 3 scrolls of random uselessness {unknown}
 n - a scroll of noise {unknown}
 p - a scroll of amnesia {unknown}
 s - a scroll of enchant weapon {unknown}
 t - a scroll of remove curse {unknown}
 u - a scroll of identify {unknown}
 v - a scroll of enchant armour {unknown}
Potions
 i - a potion of magic {unknown}
 j - a potion of curing {unknown}
 k - a potion of ambrosia {unknown}
 l - a potion of brilliance {unknown}
 q - a potion of heal wounds {unknown}
 w - a potion of might {unknown}
 x - a potion of flight {unknown}
Comestibles
 f - 6 rations


   Skills:
 + Level 3.1 Fighting
 * Level 4.0 Short Blades
 - Level 2.0 Throwing
 + Level 2.5 Dodging
 * Level 7.3 Stealth


You had 5 spell levels left.
You didn't know any spells.
Your spell library was empty.

Dungeon Overview and Level Annotations

Branches:
Dungeon (3/15)

Altars:
Sif Muna


Innate Abilities, Weirdness & Mutations

You cannot wear most types of armour.
You are very stealthy in the water. (Stealth+)
You are amphibious.
You can wear up to eight rings at the same time.
You can use your tentacles to constrict eight enemies at once.
Your skin changes colour to match your surroundings (Stealth+).
Your rubbery body absorbs attacks. (AC +1, EV +1)


Message History

The hippogriff is severely wounded.
The hippogriff misses you. x2; The hippogriff completely misses you.
You completely miss the hippogriff.
The hippogriff is severely wounded.
The hippogriff bites you!
* * * LOW HITPOINT WARNING * * *
The hippogriff barely misses you. The hippogriff claws you.
* * * LOW HITPOINT WARNING * * *
Unknown command.
It was a potion of degeneration.
There was something very wrong with that liquid.
You feel weakened.
You feel dopey.
You feel clumsy. The hippogriff bites you.
* * * LOW HITPOINT WARNING * * *
The hippogriff pecks you.
* * * LOW HITPOINT WARNING * * *
The hippogriff closely misses you.
A red film seems to cover your vision as you go berserk!
You feel yourself moving faster!
You feel mighty! The hippogriff bites you.
You die...

..##.##....# #..
#....##....# ###+###
###..##....# #≈§.≈≈#
####.....### #≈...≈#
...##.##.# #≈...≈#
...##.##.# #≈...≈#
...##.########≈#.#§#####
...##.^.#≈≈§§≈≈#H#§≈§§≈§
...##...#≈.§§###@###.§§§
...##...'...............
...###.##§...###.###...§
#### #..#≈≈≈≈≈≈#.#§≈≈§≈≈
##.######§#.#≈#####
#......#≈...≈#
######.#≈...≈# #.#≈...≈#
#.#≈§§≈≈#


You could see a hippogriff.

Vanquished Creatures
  A phantom (D:3)
  2 worker ants (D:2)
  4 gnolls (D:3)
  4 adders
  4 worms
  3 dart slugs
  4 leopard geckos
  An orc (D:3)
  A giant cockroach (D:1)
  7 goblins
  7 hobgoblins
  2 jackals (D:1)
  2 quokkas (D:2)
  5 bats
  3 frilled lizards (D:2)
  5 kobolds
  10 rats
65 creatures vanquished.

Notes
Turn   | Place    | Note
-------+----------+-------------------------------------------
     0 | D:1      | diana the Octopode Assassin began the quest for the Orb.
     0 | D:1      | Reached XP level 1. HP: 14/14 MP: 1/1
   115 | D:1      | Reached XP level 2. HP: 13/19 MP: 2/2
   455 | D:1      | Reached XP level 3. HP: 20/24 MP: 3/3
   634 | D:2      | Found a deep blue altar of Sif Muna.
   736 | D:2      | Reached skill level 6 in Stealth
   794 | D:2      | Reached XP level 4. HP: 24/30 MP: 4/4
  1418 | D:2      | Reached XP level 5. HP: 32/35 MP: 5/5
  1872 | D:3      | Noticed a phantom
  1874 | D:3      | Reached skill level 7 in Stealth
  1926 | D:3      | Killed a phantom
  1926 | D:3      | Reached XP level 6. HP: 34/42 MP: 6/6
  2023 | D:3      | Noticed a hippogriff
  2035 | D:3      | HP: 1/42 [hippogriff (5)]
  2036 | D:3      | Slain by a hippogriff

Skill      XL: |  1  2  3  4  5 |
---------------+----------------+-----
Stealth        | 6 7 |  7.3
Short Blades   | 3 4 |  4.0
Dodging        | 2 |  2.5
Fighting       | 3 |  3.1
Throwing       | |  2.0

Action                   |  1- 3 |  4- 6 || total
-------------------------+-------+-------++-------
Melee: Dagger            |    40 |    36 ||    76
       Constrict         |     8 |    26 ||    34
       Tentacles         |     7 |    15 ||    22
       Short sword       |       |    78 ||    78
  Use: Potion            |       |     3 ||     3
 Stab: Sleeping          |    14 |    10 ||    24
  Eat: Chunk             |       |     3 ||     3
Armor: Skin              |     1 |    17 ||    18
Dodge: Dodged            |    18 |    74 ||    92
